 Dungeon Crawl Stone Soup version 0.20-a0-1078-g4874019 (webtiles) character file.

159 FastMan the Chopper (level 5, 0/70 HPs)
             Began as a Minotaur Berserker on May 1, 2017.
             Was a Believer of Trog.
             Killed from afar by an orc wizard (10 damage)
             ... with a magic dart
             ... on level 3 of the Dungeon.
             The game lasted 00:01:17 (1720 turns).

FastMan the Chopper (Minotaur Berserker)            Turns: 1720, Time: 00:01:18

Health: 0/70       AC:  2    Str: 28    XL:     5   Next: 17%
Magic:  4/4        EV: 12    Int:  4    God:    Trog [**....]
Gold:   90         SH:  0    Dex:  9    Spells: 4/4 levels left

rFire    . . .     SeeInvis .   a - +0 hand axe
rCold    . . .     Gourm    .   (no shield)
rNeg     . . .     Faith    .   b - +0 animal skin
rPois    .         Spirit   .   (helmet restricted)
rElec    .         Reflect  .   (no cloak)
rCorr    .         Harm     .   (no gloves)
MR       .....                  (no boots)
Stlth    ..........             (no amulet)
Regen    0.3/turn               (no ring)
MPRegen  0.1/turn               (no ring)

@: berserking (expiring), very quick
A: retaliatory headbutt, horns 2
a: Berserk, Trog's Hand, Burn Spellbooks, Renounce Religion


You were on level 3 of the Dungeon.
You worshipped Trog.
Trog was pleased with you.
You were very hungry.

You visited 1 branch of the dungeon, and saw 3 of its levels.

You collected 90 gold pieces.

Inventory:

Hand Weapons
 a - a +0 hand axe (weapon)
Armour
 b - a +0 animal skin (worn)
 e - a +0 cloak
Jewellery
 h - an uncursed ring of magical power {unknown}
 k - an uncursed ring of positive energy {unknown}
Scrolls
 l - a scroll of magic mapping {unknown}
 m - a scroll of teleportation {unknown}
 o - 2 scrolls of identify {unknown}
 p - a scroll of random uselessness {unknown}
Potions
 i - a potion of agility {unknown}
 n - a potion of might {unknown}
 q - a potion of degeneration {unknown}
Comestibles
 c - 3 bread rations {@e1}
 d - a meat ration {@e2}
 f - 10 chunks of flesh
 g - a royal jelly {@e3}
 j - 3 fruits {@e4}


   Skills:
 + Level 4.8 Fighting
 * Level 6.3 Axes
 - Level 2.4 Armour
 - Level 2.1 Dodging


You had 4 spell levels left.
You didn't know any spells.

Dungeon Overview and Level Annotations

Branches:
Dungeon (3/15)

Altars:
The Shining One


Innate Abilities, Weirdness & Mutations

You reflexively headbutt those who attack you in melee.
You have a pair of horns on your head.


Message History

You closely miss the orc priest.
The orc wizard casts a spell.
The orc wizard blinks!
You slash the orc!
You kill the orc!
Trog accepts your kill.
You hit the orc priest but do no damage.
The orc priest hits you with a hand axe.
* * * LOW HITPOINT WARNING * * *
The orc wizard casts a spell.
The orc wizard blinks!
You are too injured to fight recklessly!
The orc priest hits you but does no damage.
Items here: )) †† a dagger; a hand axe; an orc corpse x2
You are too injured to fight recklessly!
You feel a strong urge to attack something.
The orc wizard casts a spell at you. The magic dart hits you!
You die...

#####.#. #... #. #.#.
#### .# ##.#. ....#####
.. #..#. ......[.####
##.###..#. ...<.......
.......#.
........o########.##..##
..o....@))...$..........
##.......########.##..##
##.####.# #####..#..## #
#.# #.....÷...##
#.####.####.##<##
#................
######.#.##.##.##
.........#.#
##.###.#.#..


You could see an orc priest and an orc wizard.

Vanquished Creatures
  An orc priest (D:3)
  4 adders
  2 oozes (D:2)
  3 worms
  2 dart slugs (D:1)
  5 orcs (D:3)
  A ball python (D:2)
  2 giant cockroaches (D:2)
  5 goblins
  9 hobgoblins
  10 jackals
  4 kobolds
  A quokka (D:2)
  7 bats
  4 frilled lizards
  5 rats
65 creatures vanquished.

Notes
Turn   | Place    | Note
-------+----------+-------------------------------------------
     0 | D:1      | FastMan the Minotaur Berserker began the quest for the Orb.
     0 | D:1      | Reached XP level 1. HP: 19/19 MP: 0/0
   154 | D:1      | Reached XP level 2. HP: 22/27 MP: 1/1
   188 | D:1      | Reached skill level 4 in Axes
   746 | D:2      | Reached XP level 3. HP: 28/33 MP: 2/2
   915 | D:2      | Reached skill level 5 in Axes
   958 | D:2      | Reached ** piety under Trog
  1271 | D:2      | Reached XP level 4. HP: 39/41 MP: 3/3
  1443 | D:2      | Found a glowing golden altar of the Shining One.
  1702 | D:3      | Reached skill level 6 in Axes
  1713 | D:3      | Reached XP level 5. HP: 24/47 MP: 4/4
  1720 | D:3      | Killed from afar by an orc wizard

Vault maps used:
D:1:      moated_graveyard_arrival
D:2:      first_bread, tso_altar
D:3:      nemelex_xobeh_ov_fountains_minmay

Skill      XL: |  1  2  3  4 |
---------------+-------------+-----
Fighting       | 4 |  4.8
Axes           | 4 5 6 |  6.3
Armour         | |  2.4
Dodging        | |  2.1

Action                   |  1- 3 |  4- 6 || total
-------------------------+-------+-------++-------
Melee: Hand axe          |    58 |    64 ||   122
       Headbutt          |    12 |    10 ||    22
Invok: Berserk           |     3 |     1 ||     4
  Eat: Chunk             |     4 |     1 ||     5
Armor: Animal skin       |    22 |    11 ||    33
Dodge: Dodged            |    40 |    44 ||    84
